 Dungeon Crawl Stone Soup version 0.31.0-12-g77e489cdc1 (webtiles) character file.

Game seed: 2203180111421535750

89 sking99 the Magician (level 4, -1/33 HPs)
             Began as a Draconian Hedge Wizard on Feb 25, 2024.
             Slain by a gnoll
             ... wielding a +0 flail
              (12 damage)
             ... on level 3 of the Dungeon on Feb 26, 2024.
             The game lasted 00:11:23 (3139 turns).

sking99 the Magician (Draconian Hedge Wizard)       Turns: 3139, Time: 00:11:24

Health: -1/33      AC:  6    Str: 13    XL:     4   Next: 31%
Magic:  1/9        EV: 12    Int: 16    God:
Gold:   134        SH:  0    Dex: 10    Spells: 4/9 levels left

rFire   . . .        a - +0 dagger
rCold   . . .        (no shield)
rNeg    . . .        (body armour unavailable)
rPois   .            b - +0 hat
rElec   .            m - +0 cloak
rCorr   .            (no gloves)
SInv    .            (no boots)
Will    .....        (no amulet)
Stlth   ++           (no ring)
HPRegen 0.25/turn    (no ring)
MPRegen 0.11/turn

%: no passive effects
@: no status effects
A: AC +5, unfitting armour, cold-blooded
a: no special abilities


You were on level 3 of the Dungeon.
You visited 1 branch of the dungeon, and saw 3 of its levels.

You collected 134 gold pieces.

Inventory:

Hand Weapons
 a - a +0 dagger (weapon)
Armour
 b - a +0 hat (worn)
 m - a +0 cloak (worn)
Scrolls
 d - 6 scrolls of identify {unknown}
 f - 2 scrolls of enchant weapon {unknown}
 g - a scroll of teleportation {unknown}
 i - a scroll of fear {unknown}
 k - a scroll of immolation {unknown}
 l - a scroll of vulnerability {unknown}
Potions
 c - a potion of magic
 e - a potion of berserk rage {unknown}
 h - a potion of might {unknown}
 j - a potion of degeneration {unknown}


   Skills:
 - Level 2.0 Dodging
 - Level 2.1 Stealth
 - Level 3.3 Spellcasting
 + Level 2.1 Conjurations
 + Level 2.1 Summonings
 + Level 2.2 Translocations


You had 4 spell levels left.
You knew the following spells:

 Your Spells              Type           Power      Damage    Failure   Level
a - Magic Dart            Conj           36%        1d4       8%          1
b - Blink                 Tloc           18%        N/A       11%         2
c - Call Imp              Summ           18%        N/A       12%         2

Your spell library contained the following spells:

 Spells                   Type           Power      Damage    Failure   Level
 Slow                     Hex            8%         N/A       19%         1
 Cigotuvi's Dreadful Rot  Necr/Alch/Air  4%         N/A       26%         2
 Mephitic Cloud           Conj/Alch/Air  4%         N/A       38%         3
 Ozocubu's Armour         Ice            2%         N/A       47%         3
 Passage of Golubria      Tloc           9%         N/A       58%         4
 Metabolic Englaciation   Hex/Ice        1%         N/A       99%         5
 Silence                  Hex/Air        1%         N/A       99%         5
 Sculpt Simulacrum        Ice/Alch       1%         N/A       100%        6
 Lehudib's Crystal Spear  Conj/Erth      3%         10d2      100%        8


Dungeon Overview and Level Annotations

Branches:
Dungeon (3/15)

Altars:


Innate Abilities, Weirdness & Mutations

Your plain brown scales are hard. (AC +5)
You cannot fit into any form of body armour.
You are cold-blooded and may be slowed by cold attacks.


Message History

The gnoll is severely wounded.
The gnoll hits you with a +0 whip!
Your cerulean imp closely misses the gnoll.
The gnoll misses you.
You barely miss the gnoll.
The gnoll is severely wounded.
The gnoll hits you but does no damage.
Your cerulean imp barely misses the gnoll.
The gnoll barely misses you.
Casting: Magic Dart (safe; 8% risk of failure)
Confirm with . or Enter, or press ? or * to list all spells.
Aiming: Magic Dart (safe; 8% risk of failure)
Press: ? - help, Shift-Dir - straight line, f - gnoll
Aim: a gnoll, wielding a +0 whip (severely wounded, ally target, 100% to hit)
The magic dart hits the gnoll.
The gnoll is almost dead.
The gnoll barely misses you.
Your cerulean imp hits the gnoll but does no damage.
The gnoll closely misses you.
You hit the gnoll.
You kill the gnoll!
Your cerulean imp hits the gnoll with a -4 spear.
The gnoll hits you with a +0 flail.
You completely miss the gnoll.
The gnoll is heavily wounded.
Your cerulean imp hits the gnoll with a -4 spear.
The gnoll hits your cerulean imp with a +0 flail!
You hit the gnoll.
The gnoll is severely wounded.
Your cerulean imp hits the gnoll with a -4 spear.
The gnoll barely misses you.
You hit the gnoll.
Your tail-slap misses the gnoll.
The gnoll is severely wounded.
Your cerulean imp hits the gnoll but does no damage.
The gnoll hits your cerulean imp with a +0 flail!
Your cerulean imp dies!
Your cerulean imp disappears in a puff of smoke!
The gnoll hits you with a +0 flail. The gnoll attacks as it pursues you!
The gnoll hits you with a +0 flail!
You die...

############ ###
#..........#...
#..........#.##
#..............
#...)....).##
#........)§.##
#........§.§.#
#######g####........
#@# ######.g. #.# ##
#.##.# #..#.# ##.
#..#.# ...
#....######.#
#.#.........#
#...<.......#
##.........#


You could see a gnoll.

Vanquished Creatures
  A gnoll (D:3)
  An adder (D:2)
  A dart slug (D:1)
  11 endoplasms
  2 giant cockroaches
  4 goblins
  6 hobgoblins
  2 quokkas
  5 ball pythons
  4 bats
  A frilled lizard (D:1)
  5 kobolds
  2 rats
45 creatures vanquished.

Vanquished Creatures (collateral kills)
  A gnoll (D:3)
  An endoplasm (D:2)
  2 hobgoblins (D:2)
  A kobold (D:2)
  A quokka (D:3)
6 creatures vanquished.

Grand Total: 51 creatures vanquished

Notes
Turn   | Place    | Note
-------+----------+-------------------------------------------
     0 | D:1      | sking99 the Draconian Hedge Wizard began the quest for the
                  | Orb.
     0 | D:1      | Reached XP level 1. HP: 14/14 MP: 4/4
   401 | D:1      | Reached XP level 2. HP: 20/20 MP: 0/6
   825 | D:1      | Learned a level 2 spell: Blink
   828 | D:1      | Learned a level 2 spell: Call Imp
  1346 | D:1      | Reached XP level 3. HP: 26/26 MP: 2/7
  2935 | D:3      | Reached XP level 4. HP: 33/33 MP: 3/9
  3139 | D:3      | Slain by a gnoll

Illustrated notes

Levels and vault maps discovered:
D:1:      amcnicky_arrival_underground_garden, layout_loops_cross, serial_bayou,
          serial_bayou_pond_c, serial_bayou_pond_b, serial_bayou_lagoon_a,
          serial_bayou_lake_a, serial_bayou_ford_a
D:2:      layout_loops_cross, st_stairs_2
D:3:      layout_rooms, vehumet_altar_wand_db, trog_hazing_becter

Skill      XL: |  1  2  3  4 |
---------------+-------------+-----
Stealth        | 2 |  2.1
Dodging        | 2 |  2.0
Translocations | 2 |  2.2
Conjurations   | 2 |  2.1
Summonings     | 2 |  2.1
Spellcasting   | |  3.3

Action                     |  1- 3 |  4- 6 || total
---------------------------+-------+-------++-------
  Melee: Dagger            |    18 |    12 ||    30
         Tailslap          |     2 |       ||     2
         Punch             |     1 |       ||     1
   Cast: Magic Dart        |   131 |    10 ||   141
         Call Imp          |     6 |     2 ||     8
         Blink             |     1 |       ||     1
 Armour: Skin              |    21 |    11 ||    32
  Dodge: Dodged            |    26 |    16 ||    42
